AoeStats
← ROKETSAN YeniCeri

Hill Fort

505544585Analyzed
2v2 RM · 22d ago on Sep 9, 2026· 43m 28s· 4 players
Game mode
Random Map
Map size
Medium (4 player)
Population
200
Speed
Normal
Resources
Standard
Victory
Conquest
Starting age
Dark Age
Ending age
Imperial Age
RankedLock teamsTeams togetherTeam positionsShared explorationLock speedFull tech treeHidden civsTurbo modeCheats
Victory
Defeat
🇮🇳 Goths · India
920
+11
🇩🇪 Turks · Germany
864
+13
🇨🇱 Mongols · Chile
807
-12
🇨🇱 Burgundians · Chile
804
-12
ROKETSAN YeniCeri
1:58 Loom
13:22 Feudal Age
18:30 Castle Age
16:46 Horse Collar
30:48 Imperial Age
29:38 Sanctity
30:09 Padded Archer Armor
saratchandra9494
11:19 Feudal Age
11:44 Horse Collar
11:52 Double-Bit Axe
13:19 Wheelbarrow
15:31 Loom
19:33 Castle Age
17:53 Stone Mining
20:34 Bow Saw
20:26 Heavy Plow
21:04 Stone Shaft Mining
20:23 Gold Mining
21:01 Pikeman
21:51 Fletching
22:16 Squires
23:23 Scale Mail Armor
24:04 Town Watch
24:37 Forging
26:07 Hand Cart
29:19 Man-at-Arms
30:32 Chain Mail Armor
30:53 Iron Casting
32:53 Anarchy
37:06 Imperial Age
35:46 Bodkin Arrow
36:50 Long Swordsman
38:56 Two-Man Saw
38:30 Crop Rotation
37:27 Halberdier
37:37 Two-Handed Swordsman
38:26 Champion
39:28 Conscription
39:09 Perfusion
42:42 Blast Furnace
pupa9000
0:31 Loom
10:10 Feudal Age
12:49 Double-Bit Axe
13:41 Horse Collar
17:21 Stone Mining
17:25 Gold Mining
20:02 Castle Age
20:09 Wheelbarrow
20:29 Fletching
20:44 Padded Archer Armor
20:56 Bloodlines
23:15 Husbandry
23:33 Leather Archer Armor
24:46 Stone Shaft Mining
24:05 Light Cavalry
28:09 Elite Skirmisher
29:10 Bow Saw
28:53 Town Watch
33:15 Bodkin Arrow
36:27 Imperial Age
34:11 Nomads
37:24 Gold Shaft Mining
37:16 Bracer
37:58 Hand Cart
42:37 Hussar
44:11 Conscription
TomasorXD
10:39 Feudal Age
10:20 Gold Mining
10:10 Horse Collar
10:17 Double-Bit Axe
11:40 Wheelbarrow
10:53 Loom
17:00 Stone Mining
17:31 Fletching
17:41 Padded Archer Armor
19:07 Scale Barding Armor
19:57 Forging
24:34 Castle Age
24:39 Bow Saw
24:32 Heavy Plow
24:48 Hand Cart
25:10 Gold Shaft Mining
24:55 Cavalier
27:25 Chain Barding Armor
27:40 Iron Casting
32:03 Husbandry
38:06 Pikeman
38:48 Squires
38:50 Scale Mail Armor
42:50 Imperial Age
40:18 Arson
42:15 Burgundian Vineyards
Connection lost

Rejoining the realm…

Still unreachable

The connection could not be restored.

Session expired

The server has moved on; the page needs a fresh start.